 Dungeon Crawl Stone Soup version 0.30-a0-576-g89cddaab80 (webtiles) character file.

Game seed: 1580866912654527587

22551 Twinkles the Grappler (level 12, -1/122 HPs)
             Began as a Troll Gladiator on Dec 30, 2022.
             Was an Elder of the Shining One.
             Slain by a seven-headed hydra (13 damage)
             ... on level 2 of the Lair of Beasts.
             The game lasted 00:35:09 (11154 turns).

Twinkles the Grappler (Troll Gladiator)            Turns: 11154, Time: 00:35:10

Health: -1/122     AC:  8    Str: 29    XL:     12   Next: 64%
Magic:  11/11      EV: 18    Int:  4    God:    the Shining One [****..]
Gold:   774        SH:  0    Dex: 14    Spells: 11/11 levels left

rFire   . . .      SeeInvis .    f - +9 dagger of Reomesk {elec, rC+ Dex+3}
rCold   + . .      Faith    .    m - orb {*Rage}
rNeg    + + .      Spirit   .    z - +0 steam dragon scales
rPois   .          Reflect  .    b - +0 hat
rElec   .          Harm     .    Q - +0 cloak
rCorr   .          Rampage  .    (gloves unavailable)
Will    .....      Rage     20%  (boots unavailable)
Stlth   +                        (no amulet)
HPRegen 1.20/turn                y - +5 ring of evasion
MPRegen 0.12/turn                K - +4 ring of slaying

@: on berserk cooldown, slowed, glowing, very slow
A: large, unfitting armour, claws 3, regeneration 1, shaggy fur 1, tough skin 1
a: Renounce Religion, Divine Shield, Cleansing Flame


You were on level 2 of the Lair of Beasts.
You worshipped the Shining One.
The Shining One was greatly pleased with you.
You visited 3 branches of the dungeon, and saw 14 of its levels.
You also visited: Ossuary and Ice Cave.

You collected 807 gold pieces.
You spent 33 gold pieces at shops.

Inventory:

Hand Weapons
 f - the +9 dagger of Reomesk (weapon) {elec, rC+ Dex+3}
   (You found it on level 6 of the Dungeon)

   It occasionally discharges a powerful burst of electricity upon striking a
   foe.
   Dex:       It affects your dexterity (+3).
   rC:        It protects you from cold.
Missiles
 c - 3 throwing nets
 d - 3 large rocks
 l - 7 javelins (quivered)
 p - 5 boomerangs
 r - 35 poisoned darts
 t - 6 curare-tipped darts
Armour
 b - a +0 hat (worn)
 m - an orb of wrath (worn)
 n - a +0 kite shield
 z - +0 steam dragon scales (worn)
 Q - a +0 cloak (worn)
Jewellery
 a - a ring of poison resistance
 e - a ring of fire
 w - a ring of willpower
 x - a ring of ice
 y - a +5 ring of evasion (left claw)
 K - a +4 ring of slaying (right claw)
Wands
 j - a wand of polymorph (12)
 q - a wand of flame (9)
Scrolls
 g - 7 scrolls of teleportation {unknown}
 h - 3 scrolls of noise {unknown}
 i - 2 scrolls of vulnerability {unknown}
 k - 3 scrolls of amnesia {unknown}
 o - a scroll of silence {unknown}
 s - 2 scrolls of poison {unknown}
 u - 2 scrolls of enchant armour {unknown}
 D - 2 scrolls of fear {unknown}
 E - 3 scrolls of fog {unknown}
 F - 2 scrolls of magic mapping {unknown}
 I - a scroll of immolation {unknown}
 O - a scroll of torment {unknown}
 R - a scroll of brand weapon {unknown}
 Z - a scroll of identify
Potions
 A - 2 potions of attraction
 B - 3 potions of brilliance
 C - a potion of cancellation
 G - a potion of ambrosia
 H - 2 potions of haste
 J - 11 potions of curing
 L - 6 potions of flight
 M - 6 potions of might
 N - a potion of heal wounds
 P - 2 potions of lignification


   Skills:
 + Level 8.9 Fighting
 + Level 6.1 Throwing
 + Level 9.1 Dodging
 - Level 0.1 Shields
 * Level 14.6 Unarmed Combat


You had 11 spell levels left.
You didn't know any spells.
Your spell library contained the following spells:

 Spells                   Type           Power      Damage    Failure   Level
 Magic Dart               Conj           0%         1d3       50%         1
 Necrotise                Necr           0%         1d4       50%         1
 Blink                    Tloc           0%         N/A       65%         2
 Call Imp                 Summ           0%         N/A       65%         2
 Ensorcelled Hibernation  Hex/Ice        0%         N/A       65%         2
 Momentum Strike          Conj/Tloc      0%         3d8       65%         2
 Passwall                 Tmut/Erth      0%         N/A       65%         2
 Searing Ray              Conj           0%         2d4       65%         2
 Inner Flame              Hex/Fire       0%         N/A       86%         3
 Lesser Beckoning         Tloc           0%         N/A       86%         3
 Mephitic Cloud           Conj/Pois/Air  0%         N/A       86%         3
 Ozocubu's Armour         Ice            0%         N/A       86%         3
 Swiftness                Air            0%         N/A       86%         3
 Vampiric Draining        Necr           0%         2d6       86%         3
 Vhi's Electric Charge    Tloc/Air       0%         N/A       86%         3
 Airstrike                Air            0%         2d(0-16)  99%         4
 Flame Wave               Conj/Fire      0%         2d4       99%         4
 Fulminant Prism          Conj/Hex       0%         3d5       99%         4
 Sticky Flame             Conj/Fire      0%         2d3       99%         4
 Summon Lightning Spire   Summ/Air       0%         N/A       99%         4
 Agony                    Necr           0%         N/A       100%        5
 Arcjolt                  Conj/Air       0%         1d10      100%        5
 Lightning Bolt           Conj/Air       0%         1d11      100%        5
 Ozocubu's Refrigeration  Ice            0%         4d7       100%        7
 Storm Form               Tmut/Air       0%         N/A       100%        7
 Maxwell's Capacitive Co  Air            0%         ∞         100%        8


Dungeon Overview and Level Annotations

Branches:
Dungeon (11/15) Zot: 25387  Temple (1/1) D:7 Zot: 5966    Lair (2/5) D:11 Zot: 9961
Ossuary (visited)           IceCv (visited)
  Swamp: Lair:2-3    Shoals: Lair:2-3     Snake: Lair:2-3    Spider: Lair:2-3
    Orc: D:9-12

Altars:
Ashenzari
Cheibriados
Dithmenos
Elyvilon
Fedhas
Gozag
Hepliaklqana
Kikubaaqudgha
Makhleb
Nemelex Xobeh
Okawaru
Qazlal
Ru
Sif Muna
Trog
Uskayaw
Vehumet
Wu Jian
Xom
Yredelemnul
Zin
The Shining One

Shops:
D:4 !   D:9 [   D:11 (

Annotations:
D:3 1 runed translucent door, logorrheac's ghost, amateur GnWn
D:6 3 exclusions, Eustachio


Innate Abilities, Weirdness & Mutations

You are too large for most types of armour.
You have claws for hands.
Your natural rate of healing is unusually fast.
You are covered in fur. (AC +1)
You have tough skin. (AC +1)


Message History

f - the +9 dagger of Reomesk (weapon)
{elec, rC+ Dex+3} You completely miss the seven-headed hydra.
The seven-headed hydra is heavily wounded.
The seven-headed hydra bites you! The seven-headed hydra misses you.
The seven-headed hydra bites you.
The seven-headed hydra bites you but does no damage.
The seven-headed hydra barely misses you.
The seven-headed hydra bites you!
The seven-headed hydra closely misses you.
The seven-headed hydra barely misses you.
The seven-headed hydra completely misses you.
The seven-headed hydra closely misses you.
The seven-headed hydra bites you but does no damage.
The seven-headed hydra closely misses you.
The seven-headed hydra bites you. The seven-headed hydra misses you.
You hit the seven-headed hydra.
The seven-headed hydra is heavily wounded.
The seven-headed hydra misses you. The seven-headed hydra bites you!
The seven-headed hydra bites you but does no damage.
The seven-headed hydra misses you. The seven-headed hydra bites you!
The seven-headed hydra bites you.
The seven-headed hydra bites you but does no damage.
You puncture the seven-headed hydra!
The seven-headed hydra is severely wounded.
The seven-headed hydra closely misses you.
The seven-headed hydra barely misses you.
The seven-headed hydra bites you.
The seven-headed hydra barely misses you.
The seven-headed hydra closely misses you.
The seven-headed hydra bites you. The seven-headed hydra bites you!
* * * LOW HITPOINT WARNING * * *
The seven-headed hydra closely misses you.
The seven-headed hydra bites you!
* * * LOW HITPOINT WARNING * * *
The seven-headed hydra bites you!
* * * LOW HITPOINT WARNING * * *
The seven-headed hydra misses you.
The seven-headed hydra completely misses you.
The seven-headed hydra bites you!
You die...

##P..# #....## .#####. ##.##
##.#†# ###...###. ##..## #.#.#
##.......P. .....## ##...##
##.≈........ #...#.##
#....P####≈#.......##>
....>..#
#......##≈#≈..#..##...
##.##.## #....#.#.#≈...#≈.#..#
####.# #.#.##†#≈.....#≈...#
####..# ##..##@.....).#≈..P#
....#.# #P..#D...#####≈..##
#.....# ###.##(#...≈≈≈≈≈..##
#...#.# ##..................#
###.#.####.........#.#.......#
#P#...#P###.P.#..>.#######..##
........>.....#...().# ...#
##............(.(...## ..##
.......#.#...†###...# .##


You could see a seven-headed hydra.

Vanquished Creatures
  A hydra (Lair:2)
  2 two-headed ogres (D:11)
  3 death yaks
  Amaemon (D:11)
  An ugly thing (IceCv)
  A manticore (D:11)
  Maurice (D:11)
  2 black mambas
  An orange demon (D:11)
  2 ice statues (IceCv)
  3 cane toads
  4 rime drakes
  A freezing wraith (IceCv)
  2 komodo dragons
  2 trolls
  3 blink frogs (Lair:1)
  2 shadows
  A wraith (D:11)
  A dire elephant simulacrum (IceCv)
  Sigmund (D:5)
  6 wyverns
  36 yaks
  3 steam dragons
  2 vampire mosquitoes (D:11)
  Edmund (D:5)
  2 acid dragons
  2 water moccasins
  2 black bears
  2 orc warriors (D:6)
  4 centaurs
  3 ogres
  8 wolves
  2 phantoms (D:7)
  A necrophage (D:3)
  3 kobold brigands
  2 scorpions
  A gnoll sergeant (D:8)
  4 bullfrogs
  3 wights (D:9)
  15 killer bees
  An electric eel (Lair:1)
  5 howler monkeys
  5 centaur zombies (Ossuary)
  2 orc priests (D:9)
  3 hounds
  4 jellies
  3 iguanas
  6 orc wizards
  A polar bear simulacrum (IceCv)
  3 wolf simulacra (IceCv)
  5 mummies (Ossuary)
  7 adders
  11 gnolls
  A white imp (D:6)
  2 ufetubi (D:5)
  A worm (D:2)
  A dart slug (D:1)
  19 orcs
  5 endoplasms
  2 giant cockroaches
  6 goblins
  7 hobgoblins
  7 jackals (D:1)
  21 kobolds
  3 quokkas
  6 ball pythons
  3 bats
  3 frilled lizards
  2 hobgoblin zombies (Ossuary)
  3 rats (D:1)
285 creatures vanquished.

Vanquished Creatures (others)
  2 fungi (Lair:2)
  9 plants
11 creatures vanquished.

Grand Total: 296 creatures vanquished

Notes
Turn   | Place    | Note
-------+----------+-------------------------------------------
     0 | D:1      | Twinkles the Troll Gladiator began the quest for the Orb.
     0 | D:1      | Reached XP level 1. HP: 19/19 MP: 0/0
    56 | D:1      | Reached XP level 2. HP: 26/28 MP: 1/1
   241 | D:1      | Found a faded altar of an unknown god.
   332 | D:1      | Reached XP level 3. HP: 35/35 MP: 2/2
  1076 | D:3      | Reached XP level 4. HP: 42/42 MP: 3/3
  1172 | D:3      | Found a shadowy altar of Dithmenos.
  1187 | D:3      | Reached skill level 4 in Unarmed Combat
  1234 | D:3      | Noticed a necrophage
  1245 | D:3      | Killed a necrophage
  1246 | D:3      | Reached XP level 5. HP: 50/50 MP: 4/4
  1276 | D:3      | Found an ornate altar of the Wu Jian Council.
  1368 | D:3      | Found a runed translucent door.
  1398 | D:3      | Noticed logorrheac's ghost (amateur GnWn)
  1516 | D:4      | Reached XP level 6. HP: 47/61 MP: 5/5
  1522 | D:4      | Reached skill level 5 in Unarmed Combat
  1647 | D:4      | Found Tomu's Distillery.
  1653 | D:4      | Bought a potion of curing for 33 gold pieces
  1729 | D:4      | Reached XP level 7. HP: 67/67 MP: 6/6
  1788 | D:4      | Reached skill level 6 in Unarmed Combat
  1929 | D:4      | Found a basalt altar of Yredelemnul.
  1977 | D:5      | Entered Level 5 of the Dungeon
  1998 | D:5      | Found a sparkling altar of Nemelex Xobeh.
  2040 | D:5      | Noticed Sigmund
  2048 | D:5      | Killed Sigmund
  2136 | D:5      | Noticed Edmund
  2143 | D:5      | Killed Edmund
  2191 | D:5      | Reached XP level 8. HP: 78/78 MP: 7/7
  2192 | D:5      | Reached skill level 7 in Unarmed Combat
  2288 | D:5      | Found a broken altar of Ashenzari.
  2766 | D:5      | Found a white marble altar of Elyvilon.
  2894 | D:6      | Found a hide-covered altar of Uskayaw.
  2912 | D:6      | Found a glowing golden altar of the Shining One.
  2915 | D:6      | Became a worshipper of the Shining One
  2951 | D:6      | Reached skill level 5 in Dodging
  2984 | D:6      | Reached skill level 8 in Unarmed Combat
  3047 | D:6      | Noticed Eustachio
  3070 | D:6      | Reached skill level 5 in Fighting
  3102 | D:6      | Found a sand-covered staircase.
  3106 | Ossuary  | Entered an ossuary
  3114 | Ossuary  | Reached * piety under the Shining One
  3124 | Ossuary  | Reached XP level 9. HP: 88/88 MP: 8/8
  3260 | D:6      | Identified the +9 dagger of Reomesk {elec, rC+ Dex+3}
  3450 | D:6      | Found a hazy altar of Hepliaklqana.
  3451 | D:6      | Found a faded altar of an unknown god.
  3543 | D:7      | Found a shimmering blue altar of Sif Muna.
  3576 | D:7      | Reached skill level 9 in Unarmed Combat
  3580 | D:7      | Found a blossoming altar of Fedhas.
  4016 | D:7      | Found a staircase to the Ecumenical Temple.
  4341 | Temple   | Entered the Ecumenical Temple
  4341 | Temple   | Found a transporter.
  4341 | Temple   | Found a transporter.
  4343 | Temple   | Found a transporter.
  4343 | Temple   | Found a transporter.
  4863 | D:8      | Found a burning altar of Makhleb.
  5016 | D:8      | Reached ** piety under the Shining One
  5034 | D:8      | HP: 24/89 [gnoll sergeant/+0 spear of flaming (3)]
  5037 | D:8      | HP: 10/89 [gnoll/+0 halberd[a gnoll sergeant] (9)]
  5182 | D:8      | Reached skill level 10 in Unarmed Combat
  5441 | D:9      | Found Cheibriados's Comfort Zone.
  5443 | D:9      | Found a snail-covered altar of Cheibriados.
  5494 | D:9      | Reached XP level 10. HP: 78/98 MP: 9/9
  5533 | D:9      | Found an ancient bone altar of Kikubaaqudgha.
  5923 | D:9      | Reached skill level 11 in Unarmed Combat
  6399 | D:10     | Entered Level 10 of the Dungeon
  6613 | D:10     | Reached skill level 12 in Unarmed Combat
  7182 | D:11     | Noticed Maurice
  7214 | D:11     | Killed Maurice
  7215 | D:11     | Reached XP level 11. HP: 109/109 MP: 10/10
  7220 | D:11     | Noticed a two-headed ogre
  7239 | D:11     | Killed a two-headed ogre
  7428 | D:11     | Found Wasabopu's Antique Weapon Emporium.
  7638 | D:11     | Noticed a two-headed ogre
  7659 | D:11     | Reached *** piety under the Shining One
  7661 | D:11     | Killed a two-headed ogre
  7727 | D:11     | Noticed Amaemon
  7728 | D:11     | Upgraded the game from 0.30-a0-571-gdf30a72648 to
                  | 0.30-a0-576-g89cddaab80
  8287 | D:11     | Killed Amaemon
  8596 | D:11     | Found a staircase to the Lair.
  8685 | Lair:1   | Entered Level 1 of the Lair of Beasts
  8701 | Lair:1   | Reached skill level 13 in Unarmed Combat
  9585 | Lair:1   | Reached XP level 12. HP: 120/120 MP: 11/11
  9587 | Lair:1   | Reached skill level 5 in Throwing
 10168 | Lair:2   | Found a frozen archway.
 10288 | IceCv    | Entered an ice cave
 10288 | IceCv    | Reached **** piety under the Shining One
 10350 | IceCv    | Reached skill level 14 in Unarmed Combat
 10365 | IceCv    | Found a transporter.
 10374 | IceCv    | Found a transporter.
 10391 | IceCv    | HP: 32/122 [white ugly thing (10)]
 10584 | IceCv    | HP: 35/122 [ice beast[an ice statue] (3)]
 10818 | Lair:2   | Noticed a death yak
 10831 | Lair:2   | Noticed a death yak
 10832 | Lair:2   | Noticed a death yak
 10844 | Lair:1   | Killed a death yak
 10901 | Lair:2   | Noticed a six-headed hydra
 10917 | Lair:2   | Killed a six-headed hydra
 11122 | Lair:2   | Killed a death yak
 11136 | Lair:2   | Killed a death yak
 11147 | Lair:2   | Noticed a seven-headed hydra
 11154 | Lair:2   | HP: 33/122 [seven-headed hydra (12)]
 11154 | Lair:2   | HP: 12/122 [seven-headed hydra (11)]
 11154 | Lair:2   | Slain by a seven-headed hydra

Illustrated notes

Levels and vault maps discovered:
D:1:      minmay_arrival_checkered_box, layout_rooms,
          hellmonk_ecumenical_altar_inner_sanctum, st_stairs_3
D:2:      layout_rooms
D:3:      layout_basic, mainiacjoe_overflow_tiny_flanked,
          mainiacjoe_overflow_six_doors_small, ebering_ghost_reflecting_pool,
          minivault_4
D:4:      layout_rooms, mainiacjoe_overflow_alcove_2, serial_shops,
          kennysheep_little_box
D:5:      layout_loops_ring, nicolae_ashenzari_panopticon,
          lemuel_coloured_pillars_altar, mainiacjoe_overflow_cross_hatched,
          grunt_ministairs_15, uniq_sigmund, uniq_edmund
D:6:      layout_rooms, tso_oasis_becter, beargit_hepliaklqana_dungeon_heroes,
          mainiacjoe_overflow_boulevard, nicolae_ossuary_entry_plus,
          uniq_eustachio
D:7:      layout_basic, nicolae_overflow_hidden_temple, amcnicky_altar_gilded,
          minmay_temple_entry_mist, feat_on_display
D:8:      layout_basic, lightli_temple_of_fire
D:9:      layout_irregular_city, mainiacjoe_overflow_small_starburst,
          minmay_shop_chei, kennysheep_generic_room_7
D:10:     layout_loops_ring
D:11:     layout_stronghold, lair_entry_dummy, serial_shops, shop, uniq_maurice,
          uniq_amaemon
Temple:   hellmonk_temple_divided_pantheon
Lair:1:   layout_small_grid, minivault_23, wad_woods_river_01
Lair:2:   regret_index_combs_of_tragedy, layout_loops_ring,
          guppyfry_snake_entry_garden, portal_ice_cave_rime

Skill      XL: |  1  2  3  4  5  6  7  8  9 10 11 12 |
---------------+-------------------------------------+-----
Throwing       | 2 4 6 |  6.1
Fighting       | 2 3 4 5 6 7 8 |  8.9
Dodging        | 3 4 5 6 7 8 9 |  9.1
Unarmed Combat | 4 5 6 8 10 12 13 14 | 14.6
Shields        | |  0.1

Action                   |  1- 3 |  4- 6 |  7- 9 | 10-12 || total
-------------------------+-------+-------+-------+-------++-------
Melee: Unarmed           |    83 |    67 |   245 |   382 ||   777
       Punch             |     1 |       |       |       ||     1
       Dagger            |       |       |       |    28 ||    28
Throw: Dart              |       |       |       |     4 ||     4
       Large rock        |       |       |       |     6 ||     6
       Javelin           |       |       |       |     3 ||     3
Evoke: Wand              |       |       |       |     1 ||     1
  Use: Scroll            |       |       |     6 |     4 ||    10
       Potion            |       |       |     1 |       ||     1
Armor: Robe              |    28 |    17 |    13 |       ||    58
       Steam dragon scal |       |       |    38 |    89 ||   127
Dodge: Dodged            |    36 |    26 |   213 |   310 ||   585

Table legend: (Time is in decaauts)
 A = Elapsed time spent in this place.
 B = Non-inter-level travel time spent in this place.
 C = Inter-level travel time spent in this place.
 D = Time resting spent in this place.
 E = Time spent auto-exploring this place.
 F = Levels seen in this place.
 G = Mean time per level.
                   A        B        C        D        E       F      G
               +--------+--------+--------+--------+--------+-----+--------+
         Total |  11596 |  10867 |    729 |   1795 |   6919 |  16 |  724.8 |
       Dungeon |   8852 |   8218 |    634 |    963 |   5761 |  11 |  804.7 |
        Temple |     33 |     22 |     11 |      0 |      7 |   1 |   33.0 |
          Lair |   2036 |   1952 |     84 |    479 |   1103 |   2 | 1018.0 |
       Ossuary |    132 |    132 |      0 |     23 |     36 |   1 |  132.0 |
      Ice Cave |    541 |    541 |      0 |    329 |     12 |   1 |  541.0 |
               +--------+--------+--------+--------+--------+-----+--------+

Top non-repeatable levels by time:
  Lair:1: 1643 daAuts
    D:11: 1612 daAuts
     D:8: 1032 daAuts
     D:9: 1019 daAuts
     D:5: 930 daAuts
     D:7: 868 daAuts
    D:10: 733 daAuts
     D:6: 570 daAuts
     D:3: 545 daAuts
   IceCv: 541 daAuts
     D:1: 535 daAuts
     D:4: 524 daAuts
     D:2: 480 daAuts
  Lair:2: 392 daAuts
 Ossuary: 132 daAuts
